 Dungeon Crawl Stone Soup version 0.17-a0-1763-g847a857 (webtiles) character file.

93693 magipi the Spry (level 15, 0/86 HPs)
             Began as a Spriggan Assassin on Sept 5, 2015.
             Was an Initiate of Gozag.
             Drowned by a water nymph (8 damage)
             ... on level 3 of the Shoals on Sept 6, 2015.
             The game lasted 04:38:46 (43224 turns).

magipi the Spry (Spriggan Assassin)                Turns: 43224, Time: 04:38:46

Health: 0/86       AC:  9    Str: 10    XL:     15   Next: 61%
Magic:  33/33      EV: 34    Int: 16    God:    Gozag
Gold:   6092       SH:  0    Dex: 18    Spells: 4 memorised, 15 levels left

rFire  + . .     SeeInvis +     a - +4 dagger (elec)
rCold  + . .     Clarity  .     X - +2 robe {MR+}
rNeg   . . .     SustAt   .     (shield restricted)
rPois  +         Gourm    .     p - +2 hat
rElec  .         Spirit   .     k - +2 cloak {rPois}
rCorr  .         Warding  .     (gloves unavailable)
rMut   .         Stasis   .     (boots unavailable)
MR     +++..                    D - amulet of Bodily Harmony {Faith *Drain rF+ MP+9}
Stlth  ++++++....               f - ring of flight
                                c - ring of protection from cold

@: about to teleport, flying, very slightly contaminated, invisible, very quick,
extremely resistant to hostile enchantments, very stealthy
A: unfitting armour, see invisible, herbivore 3, speed 3, slow metabolism 2
a: Potion Petition, Call Merchant, Bribe Branch, Renounce Religion, Stop Flying


You were on level 3 of the Shoals.
You worshipped Gozag.
Gozag was noncommittal.
You were hungry.

You visited 5 branches of the dungeon, and saw 31 of its levels.
You also visited: Sewer and Volcano.

You collected 9868 gold pieces.
You spent 2143 gold pieces at shops.
You paid 1633 gold pieces to Gozag.

Notes
Turn   | Place    | Note
--------------------------------------------------------------
     0 | D:1      | magipi the Spriggan Assassin began the quest for the Orb.
     0 | D:1      | Reached XP level 1. HP: 10/10 MP: 2/2
    15 | D:1      | Reached skill level 6 in Stealth
   285 | D:1      | Reached XP level 2. HP: 14/14 MP: 3/3
   937 | D:2      | Found a deep blue altar of Sif Muna.
  1271 | D:2      | You fall through a shaft!
  1501 | D:3      | Found a sacrificial altar of Ru.
  1584 | D:3      | Reached XP level 3. HP: 18/18 MP: 4/4
  1732 | D:3      | Reached XP level 4. HP: 17/22 MP: 5/5
  1859 | D:4      | Found a snail-covered altar of Cheibriados.
  2038 | D:3      | Reached skill level 5 in Short Blades
  2110 | D:3      | Noticed Natasha
  2128 | D:3      | Killed Natasha
  2591 | D:4      | Reached XP level 5. HP: 25/25 MP: 6/6
  3138 | D:4      | Noticed Dowan
  3363 | D:4      | Reached XP level 6. HP: 30/30 MP: 7/7
  3559 | D:5      | Entered Level 5 of the Dungeon
  3627 | D:5      | Found a glowing drain.
  3683 | Sewer    | Entered a sewer
  3702 | Sewer    | Noticed Purgy
  3754 | D:5      | Found Tor Yseb's Assorted Antiques.
  3760 | D:5      | Bought a scroll of remove curse for 87 gold pieces
  3796 | D:5      | Found Qediata's Magic Scroll Emporium.
  3800 | D:5      | Bought a scroll of blinking for 82 gold pieces
  4048 | D:5      | Got a faintly glowing short sword
  4100 | D:5      | Reached skill level 7 in Short Blades
  4202 | D:5      | Found an opulent altar of Gozag.
  4222 | D:6      | Found a sparkling altar of Nemelex Xobeh.
  4271 | D:6      | Found Waujouf's Armour Shop.
  4481 | D:6      | Reached skill level 8 in Fighting
  4481 | D:6      | Reached skill level 9 in Evocations
  4481 | D:6      | Reached XP level 7. HP: 33/44 MP: 7/14
  4541 | D:6      | Noticed Eustachio
  4549 | D:6      | Found Xowk's Book Shop.
  4573 | D:6      | Found a radiant altar of Vehumet.
  4724 | D:6      | Found Durphilola's Food Shop.
  4848 | D:6      | Found a burning altar of Makhleb.
  4929 | D:5      | Became a worshipper of Gozag Ym Sagoz the Greedy
  5184 | D:5      | Got a twitching tin amulet
  5187 | D:5      | Identified the amulet of Bodily Harmony {Faith *Drain rF+ MP+9} (You found it on level 5 of the Dungeon)
  5188 | D:5      | Identified the cursed +1 short sword "Caqon" {pierce, Str+2} (You found it on level 5 of the Dungeon)
  5713 | D:7      | Reached XP level 8. HP: 48/48 MP: 15/15
  5809 | D:7      | Reached skill level 5 in Dodging
  6414 | D:7      | Found a radiant altar of Vehumet.
  7542 | D:8      | Found a sparkling altar of Nemelex Xobeh.
  7610 | D:8      | Reached XP level 9. HP: 52/52 MP: 16/16
  8347 | D:9      | Noticed Urgaas's ghost (experienced DsCK)
  8898 | D:5      | Bought a peridot ring for 145 gold pieces
  8898 | D:5      | Bought a coppery potion for 26 gold pieces
  8898 | D:5      | Bought a jewelled glass wand for 116 gold pieces
  9671 | D:10     | Entered Level 10 of the Dungeon
 10209 | D:10     | Noticed a hill giant
 10269 | D:10     | Killed a hill giant
 10350 | D:10     | Reached XP level 10. HP: 57/57 MP: 18/18
 10480 | D:10     | Reached skill level 10 in Evocations
 10529 | D:10     | Found a staircase to the Orcish Mines.
 11227 | D:10     | Reached skill level 10 in Short Blades
 11227 | D:10     | Reached skill level 10 in Dodging
 11925 | D:11     | Noticed an eight-headed hydra
 12037 | D:11     | Noticed an unseen horror
 12096 | D:11     | Killed an eight-headed hydra
 12423 | D:11     | Killed an unseen horror
 12514 | D:11     | Reached XP level 11. HP: 62/62 MP: 19/19
 12824 | D:11     | Noticed a centaur warrior
 12910 | D:11     | Reached skill level 11 in Dodging
 12997 | D:11     | Noticed a shadow wraith
 13046 | D:11     | Killed a shadow wraith
 13046 | D:11     | Reached skill level 1 in Long Blades
 13829 | D:11     | Found a staircase to the Lair.
 14360 | D:12     | Noticed Erolcha
 14382 | D:12     | Noticed a hill giant
 14385 | D:12     | Killed a hill giant
 14644 | D:12     | Reached skill level 5 in Throwing
 15050 | D:12     | Reached skill level 10 in Stealth
 15186 | D:13     | Found Pyewk's Assorted Antiques.
 15186 | D:13     | Noticed a skeletal warrior
 15186 | D:13     | Noticed a skeletal warrior
 15594 | D:13     | Reached skill level 12 in Dodging
 15700 | D:13     | Noticed a skeletal warrior
 15736 | D:13     | Killed a skeletal warrior
 15751 | D:13     | Killed a skeletal warrior
 15926 | D:13     | Killed a skeletal warrior
 15938 | D:13     | Bought a runed cloak for 157 gold pieces
 15938 | D:13     | Bought a scroll labeled AZXAFU YGAR for 35 gold pieces
 16270 | D:13     | Reached XP level 12. HP: 66/66 MP: 20/20
 16394 | Orc:1    | Entered Level 1 of the Orcish Mines
 16394 | Orc:1    | Found a roughly hewn altar of Beogh.
 17200 | Orc:1    | Found an iron altar of Okawaru.
 17689 | Orc:3    | Noticed Nergalle
 17885 | Orc:3    | Found a staircase to the Elven Halls.
 18286 | Orc:4    | Entered Level 4 of the Orcish Mines
 18775 | Orc:2    | Reached skill level 13 in Dodging
 19392 | Lair:1   | Entered Level 1 of the Lair of Beasts
 20059 | Lair:1   | Reached skill level 5 in Long Blades
 20615 | Lair:1   | Noticed a four-headed hydra
 22282 | Lair:2   | Noticed a seven-headed hydra
 22375 | Lair:2   | Killed a seven-headed hydra
 22885 | Lair:3   | Noticed a seven-headed hydra
 22993 | Lair:3   | Reached skill level 10 in Fighting
 23627 | Lair:4   | Noticed a catoblepas
 23658 | Lair:4   | Reached XP level 13. HP: 72/72 MP: 21/21
 23856 | Lair:4   | Found a dark tunnel.
 23861 | Volcano  | Entered a volcano
 24315 | Volcano  | Found a bloodstained altar of Trog.
 25239 | Lair:4   | Killed a catoblepas
 25536 | Lair:5   | Found a staircase to the Snake Pit.
 25639 | Lair:5   | Found a staircase to the Shoals.
 26551 | Lair:7   | Found a staircase to the Slime Pits.
 26619 | Lair:8   | Entered Level 8 of the Lair of Beasts
 27286 | Lair:8   | Reached skill level 14 in Dodging
 28502 | Lair:8   | Reached XP level 14. HP: 79/79 MP: 22/22
 29033 | Lair:8   | Reached skill level 15 in Dodging
 30509 | Lair:1   | Killed a four-headed hydra
 32542 | Orc:4    | Noticed an orc warlord
 32651 | Orc:4    | Killed an orc warlord
 32651 | Orc:4    | Reached skill level 16 in Dodging
 34245 | Orc:4    | Found Etumex's Antique Armour Shoppe.
 34529 | Orc:4    | Found Bepett's General Store.
 34530 | Orc:4    | Found Joyllalo's Book Shoppe.
 34531 | Orc:4    | Found Hoummife's Antique Weapon Emporium.
 34979 | D:11     | Noticed a griffon
 34992 | D:11     | Killed a griffon
 35017 | D:11     | Noticed a cyclops
 35385 | D:11     | Killed a cyclops
 35492 | D:11     | Noticed a five-headed hydra
 35526 | D:11     | Killed a five-headed hydra
 35870 | D:11     | Noticed a cyclops
 35882 | D:11     | Killed a cyclops
 36154 | D:13     | Noticed a hill giant
 36160 | D:13     | Killed a hill giant
 36160 | D:13     | Reached skill level 17 in Dodging
 36236 | D:13     | Found a gate to the Vaults.
 36236 | D:13     | Noticed a vault guard
 36236 | D:13     | Noticed a vault guard
 36236 | D:13     | Noticed a vault guard
 36329 | D:13     | Killed a vault guard
 36568 | D:14     | Found Negim's Magic Scroll Shoppe.
 36580 | D:14     | Bought a scroll of fog for 30 gold pieces
 36702 | D:14     | Noticed 4thArraOfDagon's ghost (experienced TrCK)
 36764 | D:13     | Bought a potion of haste for 350 gold pieces
 36764 | D:13     | Bought a potion of agility for 140 gold pieces
 37585 | D:15     | Entered Level 15 of the Dungeon
 37698 | D:15     | Reached XP level 15. HP: 85/85 MP: 23/23
 38175 | D:15     | Found a staircase to the Depths.
 38394 | D:15     | Reached skill level 18 in Dodging
 39032 | D:6      | Killed Eustachio
 39132 | D:4      | Found a staircase to the Ecumenical Temple.
 39134 | D:4      | Noticed a phantom
 39159 | D:4      | Killed a phantom
 39170 | D:4      | Noticed Duvessa
 39171 | D:4      | Killed Dowan
 39313 | D:4      | Killed Duvessa
 39329 | Temple   | Entered the Ecumenical Temple
 39705 | D:6      | Bought a book of Spatial Translocations for 975 gold pieces
 39708 | D:6      | Learned a level 1 spell: Apportation
 39711 | D:6      | Learned a level 2 spell: Blink
 40029 | Shoals:1 | Entered Level 1 of the Shoals
 40041 | Shoals:1 | Reached skill level 1 in Translocations
 40067 | Shoals:1 | Reached skill level 1 in Spellcasting
 40349 | Shoals:1 | Noticed Frances
 40395 | Shoals:2 | Noticed a kraken
 41789 | Lair:7   | Reached skill level 5 in Translocations
 42308 | Lair:6   | Learned a level 3 spell: Portal Projectile
 42312 | Lair:6   | Learned a level 3 spell: Regeneration
 42829 | Shoals:2 | Reached skill level 1 in Charms
 42829 | Shoals:2 | Reached skill level 1 in Necromancy
 42845 | Shoals:2 | Reached skill level 5 in Spellcasting
 43224 | Shoals:3 | Drowned by a water nymph

Inventory:

Hand weapons
 a - a +4 dagger of electrocution (weapon)
 b - a +1 blowgun
 h - a +2 long sword of holy wrath
 T - a +5 quick blade
Missiles
 e - 72 poisoned needles
 m - 46 tomahawks
 x - 2 poisoned tomahawks (quivered)
 G - a curare-tipped needle
 L - a throwing net
Armour
 k - a +2 cloak of poison resistance (worn)
 p - a +2 hat (worn)
 W - a +2 robe of fire resistance
 X - a +2 robe of magic resistance (worn)
Jewellery
 c - a ring of protection from cold (left hand)
 f - a ring of flight (right hand)
 n - an uncursed ring of positive energy
 s - an uncursed ring of stealth
 D - the amulet of Bodily Harmony (around neck) {Faith *Drain rF+ MP+9}
   (You found it on level 5 of the Dungeon)

   [amulet of faith]

   It allows you to gain divine favour quickly.
   It protects you from fire.
   It affects your magic capacity (+9).
   It causes draining when unequipped.
 H - an uncursed amulet of regeneration
 V - an uncursed amulet of resist corrosion
 Y - an uncursed ring of teleportation
Magical devices
 d - a wand of lightning (8)
 A - a wand of invisibility (1)
 P - a wand of polymorph (9)
Scrolls
 i - a scroll of brand weapon
 j - a scroll of teleportation
 l - 8 scrolls of enchant armour
 r - 2 scrolls of magic mapping
 u - 2 scrolls of fear
 y - a scroll of enchant weapon
 B - 2 scrolls of recharging
 C - 8 scrolls of remove curse
 K - 6 scrolls of fog
 Q - a scroll of amnesia
 Z - 6 scrolls of identify
Potions
 o - 2 potions of berserk rage
 q - 2 potions of flight
 t - 3 potions of lignification
 v - 4 potions of brilliance
 w - 4 potions of haste
 z - 2 potions of might
 E - 3 potions of cancellation
 F - 13 potions of curing
 M - 2 potions of agility
 S - 2 potions of resistance
 U - 3 potions of ambrosia
Books
 J - a book of Necromancy

   Spells                             Type                      Level
   a - Pain                           Necromancy                   1
   b - Animate Skeleton               Necromancy                   1
   c - Vampiric Draining              Necromancy                   3
   d - Regeneration                   Charms/Necromancy            3
   e - Animate Dead                   Necromancy                   4
   f - Control Undead                 Necromancy                   4
 R - a book of Spatial Translocations

   Spells                             Type                      Level
   a - Apportation                    Translocation                1
   b - Blink                          Translocation                2
   c - Shroud of Golubria             Charms/Translocation         2
   d - Portal Projectile              Translocation                3
   e - Teleport Other                 Translocation                3
   f - Passage of Golubria            Translocation                4
Comestibles
 g - 10 bread rations
 I - 5 fruits
 O - 4 slices of pizza


   Skills:
 - Level 13.0 Fighting
 - Level 10.5(12.5) Short Blades
 - Level 9.0(10.3) Long Blades
 - Level 7.5 Throwing
 - Level 18.1 Dodging
 - Level 12.0 Stealth
 + Level 5.4 Spellcasting
 + Level 3.0 Charms
 + Level 2.1 Necromancy
 - Level 6.6 Translocations
 - Level 10.0 Evocations


You had 15 spell levels left.
You knew the following spells:

 Your Spells              Type           Power        Failure   Level  Hunger
a - Apportation           Tloc           ####......   1%          1    None
b - Blink                 Tloc           N/A          1%          2    #......
c - Portal Projectile     Tloc           ####..       3%          3    ###....
r - Regeneration          Chrm/Necr      ##........   17%         3    ###....


Dungeon Overview and Level Annotations

Branches:
Dungeon (15/15)            Temple (1/1) D:4            Lair (8/8) D:11
 Shoals (3/4) Lair:5        Snake (0/4) Lair:5        Slime (0/6) Lair:7
    Orc (4/4) D:10            Elf (0/3) Orc:3        Vaults (0/5) D:13
 Depths (0/5) D:15

Altars:
Ashenzari
Cheibriados
Dithmenos
Elyvilon
Fedhas
Gozag
Kikubaaqudgha
Makhleb
Nemelex Xobeh
Okawaru
Qazlal
Ru
Sif Muna
Trog
Vehumet
Xom
Yredelemnul
Zin
The Shining One
Beogh

Shops:
D:5 *?   D:6 %:[   D:13 *   D:14 ?   Orc:4 ([*:

Annotations:
D:9 Urgaas's ghost, experienced DsCK
D:12 Erolcha
D:14 4thArraOfDagon's ghost, experienced TrCK
Lair:6 exclusion: oklob plant
Shoals:1 Frances
Orc:3 Nergalle


Innate Abilities, Weirdness & Mutations

You are tiny and cannot use many weapons and most armour.
You have supernaturally acute eyesight.
You are a herbivore.
You cover ground extremely quickly.
You need consume almost no food.

Vault maps used:
D:1:      dpeg_arrival_short_road, minmay_hedge_maze, serial_bayou_pond_e
D:2:      lemuel_blue_sif_altar
D:3:      nicolae_overflow_crystal_walls, uniq_terence, uniq_natasha
D:4:      cheibriados_altar_1, minmay_temple_entry_purple_smoke,
          minmay_item_behind_shaft, uniq_duvessa
D:5:      nicolae_overflow_hidden_temple, first_bread, serial_shops,
          shop_scrolls, kennysheep_mini, gup_sewer_entry_bowl
D:6:      lemuel_coloured_pillars_altar, lemuel_doored_altar, serial_shops,
          shop, shop, shop, basic_altar, uniq_eustachio
D:7:      basic_altar, grunt_decor_cap, grunt_ministairs_1,
          kennysheep_generic_room_3
D:8:      old_standard_altar, grunt_livestock, abandoned_shop
D:9:      kennysheep_seaside_town
D:10:     orc_0_dummy
D:11:     minmay_imperfect_grid, erik_lair_dragon
D:12:     grunt_ministairs_11, uniq_erolcha
D:13:     lightli_vaults_fourway_checkpoint, kennysheep_cross_bottleneck,
          lemuel_flamethrower_3
D:14:     minmay_tree_intersection, spider_trap
D:15:     grunt_enter_depths_hoard, serial_bayou_lagoon_a
Temple:   oiseaux_autumnal_temple_12
Lair:1:   serial_forest, infiniplex_forest_clump_tiny,
          infiniplex_forest_straight_2, infiniplex_forest_lined_room_3,
          infiniplex_forest_clump_curved, infiniplex_forest_straight_1,
          infiniplex_forest_end_3, infiniplex_forest_lined_corner,
          infiniplex_forest_straight_3, minmay_holes, grunt_megastairs_5
Lair:4:   nicolae_volcano_entry_s_turn, grunt_megastairs_2,
          serial_bayou_shore_a, serial_bayou_shore_b, serial_bayou_shore_b
Lair:5:   kennysheep_rathole, minmay_shoals_entry_lonely_mermaid,
          guppyfry_snake_entry_garden
Lair:6:   minmay_lair_oklob_tunnel
Lair:7:   nicolae_slime_entry_slimehenge
Lair:8:   hangedman_lair_tendril_chambers
Shoals:1: st_shoals_ruin, uniq_frances, uniq_josephine
Shoals:3: uniq_louise
Orc:1:    basic_altar, okawaru_metal_pillars_3
Orc:3:    nicolae_orc_pool_cavern, uniq_nergalle
Orc:4:    st_orc_congregation
Sewer:    sewer_co_purgy_island
Volcano:  volcano_lake


Message History

You are very lightly contaminated with residual magic.
This wand has 1 charge left.
The merfolk throws a tomahawk.
The tomahawk hits the siren!
Unknown command.
Unknown command.
The siren chants a haunting song.
You resist with almost no effort.
The water nymph shouts!
You hit the siren but do no damage.
The siren is lightly wounded.
The merfolk throws a tomahawk.
The tomahawk hits the siren!!
The siren completely misses you.
You puncture the siren!
There is a sudden explosion of sparks!
You kill the siren!
There is a stone staircase leading up, spattered with blood here.
Things that are here:
7 gold pieces; a trident; 2 tomahawks The merfolk avatar shouts!
The water nymph shouts!
You hit the merfolk.
The merfolk is lightly wounded.
The water nymph flows with the water.
The merfolk completely misses you.
You catch the helpless merfolk completely off-guard!
You stick the merfolk like a pincushion!!!
There is a sudden explosion of sparks!
You kill the merfolk!
You hear a splash.
Your Necromancy skill increases to level 2!
The merfolk avatar is distracted by the nearby gold.
The merfolk avatar is no longer distracted by gold.
The water nymph flows with the water.
Put on which piece of jewellery? (? for menu, Esc to quit)
You're wearing all the rings you can.
Remove which one? (? for menu, Esc to cancel) < or
c - a ring of protection from cold; > or
s - a ring of stealth You remove your ring of stealth.
f - a ring of flight (right hand) Use which ability?
You feel very buoyant.
You fly up into the air.
You are feeling hungry.
Unknown command.
You hit the water nymph.
There is a sudden explosion of sparks!
The water nymph is lightly wounded.
The merfolk avatar is distracted by the nearby gold.
You miss the water nymph.
The water nymph is lightly wounded.
The water nymph misses you.
The merfolk avatar shouts!
You hit the water nymph.
The water nymph is moderately wounded.
You closely miss the water nymph.
The water nymph is moderately wounded.
The merfolk avatar is no longer distracted by gold.
The water nymph gestures at you while chanting.
The water rises up and strikes you!
You hit the water nymph.
The water nymph is moderately wounded.
You hit the water nymph.
The water nymph is heavily wounded.
The water nymph gestures at you while chanting.
The water rises up and strikes you!
The merfolk avatar is distracted by the nearby gold.
The merfolk avatar shouts!
You puncture the water nymph!
There is a sudden explosion of sparks!
The water nymph is almost dead.
The merfolk impaler shouts!
You hit the water nymph.
The water nymph is almost dead.
The merfolk avatar is no longer distracted by gold.
The water nymph points at you and mumbles some strange words.
The water rises up and strikes you!
* * * LOW HITPOINT WARNING * * *
You hit the water nymph.
The water nymph is almost dead.
The water nymph is distracted by the nearby gold.
Unknown command.
Unknown command.
Drink which item? (? for menu, Esc to quit)
Okay, then.
Unknown command.
Read which item? (? for menu, Esc to quit)
As you read the scroll of teleportation, it crumbles to dust.
You feel strangely unstable. The water nymph closely misses you.
Unknown command.
Unknown command.
You hit the water nymph.
You kill the water nymph!
Your Charms skill increases to level 3!
You completely miss the water nymph.
The water nymph is no longer distracted by gold.
The water nymph touches you.
* * * LOW HITPOINT WARNING * * *
The water nymph drowns you!
* * * LOW HITPOINT WARNING * * *
Drink which item? (? for menu, Esc to quit)
You feel better. The water nymph touches you.
* * * LOW HITPOINT WARNING * * *
The water nymph drowns you!
You die...
Your body crumbles into a pile of gold.

≈.≈≈≈?≈m.≈≈≈≈≈≈≈≈≈..≈≈≈≈≈≈
≈....$..≈≈≈≈≈≈≈≈≈≈≈≈≈≈≈≈≈≈
≈≈≈.(.≈≈m≈≈$≈≈≈$≈≈≈≈≈≈≈≈≈≈
...(/≈≈≈≈≈≈≈≈≈≈≈≈≈≈≈≈≈≈≈≈≈
..(..≈≈≈.≈≈≈≈...$≈.≈≈≈≈≈≈≈
.(≈.≈≈≈≈≈≈≈..###<.)≈≈≈≈≈≈≈
.≈≈≈≈≈≈≈≈≈≈..# #≈≈<≈≈≈≈≈≈≈
.≈≈≈≈≈≈≈≈≈..## #m..≈≈≈≈≈≈≈
≈≈≈≈≈≈≈≈≈..## #@$≈≈≈..≈≈.
≈≈≈≈≈.... ##.≈≈≈≈.≈..
≈≈≈≈≈≈ ##.≈≈≈...≈ ≈≈≈≈
#..≈≈.#.≈ ##......≈ ...≈(≈
##..≈ ..≈


You could see a water nymph.

Vanquished Creatures
  An orc warlord (Orc:4)
  A fire dragon (D:15)
  A vault guard (D:13)
  A merfolk impaler (Shoals:2)
  6 hydras
  An ice dragon (D:15)
  A catoblepas (Lair:4)
  A satyr (Shoals:2)
  5 death yaks (Lair:7)
  4 orc high priests (Orc:4)
  7 skeletal warriors
  2 unseen horrors
  A fire crab (Volcano)
  A sea snake (Shoals:2)
  6 hill giants
  2 harpies (Shoals:2)
  3 orc knights (Orc:4)
  4 ugly things (D:15)
  A wolf spider (Lair:8)
  5 orc sorcerers
  4 griffons
  3 hornets (Lair:8)
  4 fauns (Shoals:2)
  4 water nymphs
  An oklob plant (Lair:6)
  3 centaur zombies
  3 sirens
  6 cyclopes
  A guardian serpent (Lair:8)
  3 toenail golems (Volcano)
  An elephant (Lair:6)
  7 black mambas
  21 spiny frogs
  2 centaur skeletons
  2 molten gargoyles (Volcano)
  11 komodo dragons
  2 fire drakes
  3 trolls
  13 blink frogs
  5 merfolk
  4 slime creatures (D:14)
  A snapping turtle (Shoals:1)
  2 two-headed ogres
  2 shadows
  A vampire (D:11)
  3 deep elf magi
  5 basilisks
  A water elemental (Shoals:2)
  A wraith (D:11)
  A trapdoor spider (D:11)
  2 fire elementals (Volcano)
  3 wyverns
  Eustachio (D:6)
  A golden eye (shapeshifter) (D:13)
  5 hungry ghosts
  8 hippogriffs
  A hog (D:8)
  A human (D:8)
  47 yaks
  6 wolves (Lair:2)
  3 vampire mosquitoes (D:14)
  2 wargs
  A steam dragon (D:11)
  26 water moccasins
  3 mottled dragons (D:11)
  39 orc warriors
  2 ice beasts
  Duvessa (D:4)
  2 nagas (Lair:5)
  5 sky beasts
  12 porcupines
  2 eyes of draining
  9 ogres
  3 wasps
  A black bear (Lair:2)
  4 phantoms
  6 centaurs
  2 necrophages
  3 spiders (Lair:8)
  14 crocodiles
  6 big kobolds
  19 giant frogs
  5 scorpions
  Dowan (D:4)
  6 wights
  20 killer bees
  3 crimson imps
  9 hounds
  A wasp zombie (D:11)
  2 lava snakes (Volcano)
  3 electric eels
  2 giant frog zombies
  6 jellies
  A quasit (D:11)
  2 gnoll shamans (D:9)
  11 iguanas
  30 orc priests
  41 orc wizards
  2 giant frog skeletons
  Natasha (D:3)
  3 hell rats
  17 worker ants
  41 sheep
  A hound skeleton (D:9)
  A hound zombie (D:5)
  A worker ant zombie (D:11)
  14 adders
  4 gnolls
  37 river rats
  4 shadow imps
  3 oozes
  An adder zombie (D:5)
  9 giant geckos
  194 orcs
  6 bats
  3 goblins (D:1)
  3 hobgoblins
  11 jackals
  18 kobolds
  4 quokkas
  2 ball pythons (D:4)
  4 giant cockroaches
  A giant gecko skeleton (D:5)
  A giant gecko zombie (D:6)
  A giant newt (Sewer)
  A jackal zombie (D:5)
  A quokka zombie (D:7)
  8 rats
  A fungus (Lair:8)
955 creatures vanquished.

Vanquished Creatures (others)
  A shadow wraith (D:11)
  A black mamba (Lair:7)
  A hippogriff (Shoals:2)
  A yak (D:11)
  A giant frog (Lair:7)
  3 bushes
  77 fungi
  49 plants
134 creatures vanquished.

Grand Total: 1089 creatures vanquished

Action                   |  1- 3 |  4- 6 |  7- 9 | 10-12 | 13-15 || total
-------------------------+-------+-------+-------+-------+-------++-------
Melee: Dagger            |    96 |   106 |   288 |   252 |   466 ||  1208
       Short sword       |       |       |    21 |    73 |       ||    94
       Long sword        |       |       |    19 |   141 |    33 ||   193
       Quick blade       |       |       |       |   916 |   213 ||  1129
       Rapier            |       |       |       |       |  1503 ||  1503
 Fire: Blowgun           |     5 |    58 |   171 |   253 |   360 ||   847
Throw: Tomahawk          |       |       |     3 |    45 |    98 ||   146
 Cast: Regeneration      |       |       |       |       |     3 ||     3
       Apportation       |       |       |       |       |     2 ||     2
Invok: Call Merchant     |       |       |       |     1 |     1 ||     2
 Abil: Evoke Flight      |       |       |       |       |     3 ||     3
Evoke: Wand              |       |       |     4 |    16 |    27 ||    47
  Use: Scroll            |       |    19 |     8 |    11 |    21 ||    59
       Potion            |       |     1 |       |     1 |    11 ||    13
 Stab: Sleeping          |    12 |    18 |    19 |    59 |    73 ||   181
       Distracted        |     1 |     1 |     2 |    25 |    31 ||    60
       Invisible         |       |       |       |       |    30 ||    30
  Eat: Royal jelly       |       |     1 |       |     2 |       ||     3
       Fruit             |       |       |     4 |     5 |     2 ||    11
       Bread ration      |       |       |       |     1 |     3 ||     4
       Pizza             |       |       |       |       |     7 ||     7

Action                   |  1- 3 |  4- 6 |  7- 9 | 10-12 | 13-15 || total
-------------------------+-------+-------+-------+-------+-------++-------
Melee: Dagger            |    96 |   106 |   288 |   252 |   466 ||  1208
       Short sword       |       |       |    21 |    73 |       ||    94
       Long sword        |       |       |    19 |   141 |    33 ||   193
       Quick blade       |       |       |       |   916 |   213 ||  1129
       Rapier            |       |       |       |       |  1503 ||  1503
 Fire: Blowgun           |     5 |    58 |   171 |   253 |   360 ||   847
Throw: Tomahawk          |       |       |     3 |    45 |    98 ||   146
 Cast: Regeneration      |       |       |       |       |     3 ||     3
       Apportation       |       |       |       |       |     2 ||     2
Invok: Call Merchant     |       |       |       |     1 |     1 ||     2
 Abil: Evoke Flight      |       |       |       |       |     3 ||     3
Evoke: Wand              |       |       |     4 |    16 |    27 ||    47
  Use: Scroll            |       |    19 |     8 |    11 |    21 ||    59
       Potion            |       |     1 |       |     1 |    11 ||    13
 Stab: Sleeping          |    12 |    18 |    19 |    59 |    73 ||   181
       Distracted        |     1 |     1 |     2 |    25 |    31 ||    60
       Invisible         |       |       |       |       |    30 ||    30
  Eat: Royal jelly       |       |     1 |       |     2 |       ||     3
       Fruit             |       |       |     4 |     5 |     2 ||    11
       Bread ration      |       |       |       |     1 |     3 ||     4
       Pizza             |       |       |       |       |     7 ||     7
